 Dungeon Crawl Stone Soup version 0.25-a0-504-g768f60da87 (webtiles) character file.

Game seed: 12537427989761960695, levelgen mode: deterministic

608 ICC the Vexing (level 7, -4/46 HPs)
             Began as a Vampire Fire Elementalist on Feb 14, 2020.
             Was an Initiate of Gozag.
             Killed from afar by an oklob plant (14 damage)
             ... with a splash of acid
             ... created by the enmity of Fedhas Madash
             ... on level 4 of the Dungeon.
             The game lasted 00:26:24 (3714 turns).

ICC the Vexing (Vampire Fire Elementalist)          Turns: 3714, Time: 00:26:25

Health: -4/46      AC:  1    Str:  9    XL:     7   Next: 19%
Magic:  7/10       EV: 13    Int: 19    God:    Gozag
Gold:   226        SH:  0    Dex: 15    Spells: 6/10 levels left

rFire    . . .     SeeInvis +   b - +0 hand axe (curse)
rCold    . . .     Gourm    .   (no shield)
rNeg     . . .     Faith    .   a - +0 robe
rPois    .         Spirit   .   e - +0 helmet
rElec    .         Reflect  .   (no cloak)
rCorr    .         Harm     .   (no gloves)
MR       .....                  g - +1 pair of boots
Stlth    +.........             (no amulet)
HPRegen  0.35/turn              l - ring of attention (curse)
MPRegen  0.12/turn              C - +2 ring of strength

@: corroded, regenerating quickly
A: no food, fangs 3, see invisible, unbreathing
a: Exsanguinate, Potion Petition, Call Merchant, Bribe Branch, Renounce Religion


You were on level 4 of the Dungeon.
You worshipped Gozag.
Gozag was aware of your devotion.
You were alive.

You visited 2 branches of the dungeon, and saw 5 of its levels.
You also visited: Sewer.

You collected 299 gold pieces.
You paid 73 gold pieces to Gozag.

Inventory:

Hand Weapons
 b - a cursed +0 hand axe (weapon)
 q - a +0 dagger of venom
Missiles
 d - 89 stones
 n - 20 poisoned darts (quivered)
 s - 4 boomerangs
Armour
 a - a +0 robe (worn)
 e - a +0 helmet (worn)
 g - a +1 pair of boots (worn)
Jewellery
 l - a cursed ring of attention (left hand)
 C - a +2 ring of strength (right hand)
Wands
 r - a wand of polymorph (5)
Scrolls
 c - 3 scrolls of remove curse {unknown}
 f - a scroll of magic mapping {unknown}
 h - a scroll of blinking {unknown}
 i - a scroll of fog {unknown}
 k - 3 scrolls of teleportation {unknown}
 m - 2 scrolls of amnesia
 p - a scroll of random uselessness {unknown}
 t - a scroll of enchant armour {unknown}
 v - a scroll of identify {unknown}
 y - a scroll of immolation {unknown}
 D - a scroll of enchant weapon {unknown}
Potions
 j - a potion of ambrosia {unknown}
 o - 2 potions of heal wounds {unknown}
 u - 4 potions of curing {unknown}
 w - 2 potions of brilliance {unknown}
 x - 3 potions of might {unknown}
 z - 4 potions of agility {unknown}
 A - 2 potions of flight {unknown}
 B - a potion of magic {unknown}
 E - a potion of cancellation {unknown}


   Skills:
 - Level 2.1 Dodging
 - Level 3.0 Stealth
 - Level 2.0 Spellcasting
 + Level 3.4 Conjurations
 + Level 5.5 Hexes
 + Level 4.5 Fire Magic


You had 6 spell levels left.
You knew the following spells:

 Your Spells              Type           Power        Failure   Level  Hunger
a - Foxfire               Conj/Fire      ###.         3%          1    N/A
z - Inner Flame           Hex/Fire       ###.....     6%          3    N/A

Your spell library contained the following spells:

 Spells                   Type           Power        Failure   Level  Hunger
 Conjure Flame            Conj/Fire      ###.....     10%         3    N/A
 Sticky Flame             Conj/Fire      ###.....     32%         4    N/A
 Fireball                 Conj/Fire      ###.......   65%         5    N/A

Dungeon Overview and Level Annotations

Branches:
Dungeon (4/15)             Temple (1/1) D:4           Sewer (visited)

Altars:
Cheibriados
Dithmenos
Elyvilon
Fedhas
Gozag
Hepliaklqana
Kikubaaqudgha
Trog
Uskayaw
Vehumet
Wu Jian
Yredelemnul
Zin

Annotations:
D:2 1 runed translucent door, Crazy Yiuf
D:4 exclusion: oklob plant


Innate Abilities, Weirdness & Mutations

You do not eat.
Your natural rate of healing is unusually fast.
You have razor-sharp teeth.
You have supernaturally acute eyesight. (SInv)
You can survive without breathing.


Message History

The oklob plant spits acid at you. The splash of acid hits you.
The acid corrodes you!
You are splashed with acid!!
Throwing (i - inventory. (/) - cycle)
n - 22 poisoned darts (quivered)
Press: ? - help, Shift-Dir - straight line, f/p - wandering mushroom
Aim: a wandering mushroom (durably summoned, inner flame)
You throw a poisoned dart.
The poisoned dart hits the wandering mushroom.
The wandering mushroom closely misses you.
Throwing (i - inventory. (/) - cycle)
n - 21 poisoned darts (quivered)
Press: ? - help, Shift-Dir - straight line, f/p - wandering mushroom
Aim: a wandering mushroom (durably summoned, inner flame)
You throw a poisoned dart.
The poisoned dart hits the wandering mushroom.
The wandering mushroom releases spores at you!
* * * LOW HITPOINT WARNING * * *
The oklob plant spits acid at you. The splash of acid hits you!
You die...
Your body crumbles into a pile of gold.

###########
#.........####
#.#.###......#
#.#.# #...##.# ###
#.#.###...##.###..
#f#.#......#.##...
#@#.#.#....#.#....
#.#.#.#....#.##...
#.#...............
#.P..#...#######..
####...#.# #..
#####.# ##'# #.#
##... ###.# ##....
##.#.# ##.....


You could see an oklob plant and a wandering mushroom (inner flame).

Vanquished Creatures
  3 big kobolds (Sewer)
  A hound (D:4)
  2 orc priests
  3 orc wizards (D:4)
  Terence (D:2)
  A worker ant (D:4)
  8 adders
  An ooze (Sewer)
  An adder skeleton (D:3)
  2 worms
  2 dart slugs
  2 leopard geckos (D:3)
  6 orcs
  3 ball pythons
  8 giant cockroaches
  5 goblins
  6 hobgoblins
  4 quokkas
  10 bats
  7 frilled lizards
  15 kobolds
  7 rats
98 creatures vanquished.

Vanquished Creatures (others)
  214 foxfires
214 creatures vanquished.

Grand Total: 312 creatures vanquished

Notes
Turn   | Place    | Note
-------+----------+-------------------------------------------
     0 | D:1      | ICC the Vampire Fire Elementalist began the quest for the
                  | Orb.
     0 | D:1      | Reached XP level 1. HP: 13/13 MP: 3/3
   165 | D:1      | Reached skill level 1 in Conjurations
   216 | D:1      | Reached XP level 2. HP: 10/19 MP: 0/5
   696 | D:2      | Noticed Terence
   882 | D:2      | Reached XP level 3. HP: 21/24 MP: 3/6
   888 | D:2      | Learned a level 3 spell: Inner Flame
  1174 | D:2      | Reached skill level 1 in Hexes
  1174 | D:2      | Reached XP level 4. HP: 30/30 MP: 4/7
  1250 | D:2      | Found a runed translucent door.
  1251 | D:2      | Noticed Crazy Yiuf
  1411 | D:2      | Killed Terence
  1411 | D:2      | Reached skill level 2 in Hexes
  1928 | D:3      | Reached skill level 3 in Hexes
  1928 | D:3      | Reached XP level 5. HP: 35/35 MP: 1/8
  2143 | D:3      | Found a glowing drain.
  2147 | Sewer    | Entered a sewer
  2338 | Sewer    | Reached skill level 4 in Hexes
  2338 | Sewer    | Reached XP level 6. HP: 36/41 MP: 3/9
  2797 | D:3      | Found a faded altar of an unknown god.
  2799 | D:3      | Became a worshipper of Fedhas Madash
  2799 | D:3      | Reached * piety under Fedhas
  2944 | D:4      | Reached skill level 5 in Hexes
  3071 | D:4      | Found a staircase to the Ecumenical Temple.
  3080 | Temple   | Entered the Ecumenical Temple
  3159 | Temple   | Fell from the grace of Fedhas
  3159 | Temple   | Became a worshipper of Gozag Ym Sagoz the Greedy
  3374 | D:4      | Reached XP level 7. HP: 46/46 MP: 3/10
  3711 | D:4      | Noticed an oklob plant
  3711 | D:4      | Noticed a wandering mushroom
  3714 | D:4      | Killed from afar by an oklob plant

Levels and vault maps discovered:
D:1:      sevenhm_arrival_forest_fort_large_2, layout_basic
D:2:      layout_rooms, first_ration, uniq_terence, uniq_crazy_yiuf_cottage
D:3:      layout_basic, gup_sewer_entry_spiral, chequers_ecumenical_altar_twisty
D:4:      layout_loops_corners, lemuel_crystal_altar, minmay_temple_entry_arrows
Temple:   nicolae_temple_hex_pool

Skill      XL: |  1  2  3  4  5  6 |
---------------+-------------------+-----
Conjurations   | 1 2 3 |  3.4
Fire Magic     | 3 4 |  4.5
Hexes          | 1 3 4 5 |  5.5
Dodging        | |  2.1
Stealth        | |  3.0
Spellcasting   | |  2.0

Action                   |  1- 3 |  4- 6 |  7- 9 || total
-------------------------+-------+-------+-------++-------
Melee: Hand axe          |    40 |    78 |    11 ||   129
       Bite              |     3 |     5 |     1 ||     9
Throw: Stone             |     3 |     2 |       ||     5
       Dart              |       |    20 |     6 ||    26
 Cast: Foxfire           |    45 |    78 |     8 ||   131
       Inner Flame       |       |    11 |     2 ||    13
Evoke: Wand              |       |       |     1 ||     1
  Use: Scroll            |       |     1 |       ||     1
 Stab: Sleeping          |     4 |     1 |       ||     5
Armor: Robe              |    17 |    27 |       ||    44
Dodge: Dodged            |    54 |   106 |    12 ||   172

Table legend:
 A = Non-vault XP
 B = Vault XP
 C = Vault XP percentage of total XP
 D = Non-vault monster count
 E = Vault monster count
 F = Vault count percentage of total count
                 A         B        C        D         E       F
            +---------+---------+-------+---------+---------+-------
      Total |     462 |     407 |  46.8 |      65 |      33 |  33.7
            +---------+---------+-------+---------+---------+-------
        D:1 |      34 |       0 |   0.0 |      21 |       0 |   0.0
        D:2 |      71 |      36 |  33.6 |      14 |       1 |   6.7
        D:3 |     104 |      41 |  28.3 |      18 |       8 |  30.8
        D:4 |     253 |       0 |   0.0 |      12 |       0 |   0.0
      Sewer |       0 |     330 | 100.0 |       0 |      24 | 100.0
            +---------+---------+-------+---------+---------+-------
